 Dungeon Crawl Stone Soup version 0.21.1-1-g345015f (webtiles) character file.

93 tyranidshit the Skirmisher (level 4, -3/35 HPs)
             Began as a Demonspawn Abyssal Knight on July 25, 2018.
             Was a Believer of Lugonu.
             Killed from afar by Labyrinth's ghost (7 damage)
             ... with a flame tongue
             ... on level 3 of the Dungeon.
             The game lasted 00:05:22 (1786 turns).

tyranidshit the Skirmisher (DsAK)                   Turns: 1786, Time: 00:05:23

Health: -3/35      AC: 10    Str: 13    XL:     4   Next: 37%
Magic:  0/5        EV:  5    Int: 18    God:    Lugonu [**....]
Gold:   125        SH:  0    Dex: 12    Spells: 3/3 levels left

rFire    . . .     SeeInvis .   g - +8 glaive of Hiaduigg {freeze, rElec Int+4}
rCold    + . .     Gourm    .   (shield currently unavailable)
rNeg     . . .     Faith    .   h - +0 plate armour
rPois    .         Spirit   +   (helmet restricted)
rElec    +         Reflect  .   (no cloak)
rCorr    .         Harm     .   (no gloves)
MR       .....                  (no boots)
Stlth    ..........             (no amulet)
HPRegen  0.11/turn              (no ring)
MPRegen  0.09/turn              (no ring)

@: no status effects
A: antennae 1, cold resistance 1, frail 1, low mp 1, magic shield, sturdy frame
1
a: Depart the Abyss, Bend Space, Renounce Religion


You were on level 3 of the Dungeon.
You worshipped Lugonu.
Lugonu was pleased with you.
You were not hungry.

You visited 1 branch of the dungeon, and saw 3 of its levels.
You visited the Abyss 1 time.

You collected 125 gold pieces.

Inventory:

Hand Weapons
 a - a +1 hand axe
 g - the +8 glaive of Hiaduigg (weapon) {freeze, rElec Int+4}
   (You found it on level 2 of the Abyss)

   It has been specially enchanted to freeze those struck by it, causing extra
   injury to most foes and up to half again as much damage against particularly
   susceptible opponents.
   It can also slow down cold-blooded creatures.
   It affects your intelligence (+4).
   It insulates you from electricity.
Armour
 b - a +0 leather armour
 h - a +0 plate armour (worn)
 k - a +0 ring mail
Jewellery
 i - a +2 ring of protection {unknown}
Scrolls
 e - 2 scrolls of remove curse
Potions
 d - a potion of flight
Books
 f - a book of Summonings

   Spells                             Type                      Level
   a - Recall                         Summoning/Translocation      3
   b - Aura of Abjuration             Summoning                    5
   c - Summon Demon                   Summoning                    5
   d - Summon Forest                  Summoning/Translocation      5
   e - Summon Mana Viper              Hexes/Summoning              5
   f - Shadow Creatures               Summoning                    6
Comestibles
 c - 2 rations


   Skills:
 - Level 5.1 Fighting
 - Level 1.7 Axes
 + Level 2.0 Armour
 - Level 0.8 Dodging
 - Level 2.4 Invocations


You had 3 spell levels left.
You didn't know any spells.

Dungeon Overview and Level Annotations

Branches:
Dungeon (3/15)

Altars:

Annotations:
D:3 Labyrinth's ghost, amateur DrFE


Innate Abilities, Weirdness & Mutations

When hurt, damage is shared between your health and your magic reserves.
Your movements are slightly less encumbered by armour. (ER -2)
You have a pair of small antennae on your head.
Your flesh is cold resistant. (rC+)
You are frail. (-10% HP)
Your magical capacity is low. (-10% MP)


Message History

Labyrinth's ghost is heavily damaged.
Labyrinth's ghost hits you. Labyrinth's ghost hits you!
You miss Labyrinth's ghost.
Labyrinth's ghost is heavily damaged.
Labyrinth's ghost hits you but does no damage.
Labyrinth's ghost hits you.
Labyrinth's ghost hits you but does no damage.
Labyrinth's ghost gestures at you while chanting.
The flame tongue hits you!
Labyrinth's ghost hits you but does no damage.
You barely miss Labyrinth's ghost.
Labyrinth's ghost is moderately damaged.
Labyrinth's ghost gestures at you while chanting.
The flame tongue hits you!
* * * LOW HITPOINT WARNING * * *
Labyrinth's ghost hits you.
* * * LOW HITPOINT WARNING * * *
Labyrinth's ghost casts a spell at you. The flame tongue hits you!
You die...

################
#..............#
#...............
########........####.##
#...W.@............#...
#.######........##.#.##
#.# #........##.#.# #.#
##........#..#.##
#.#####......##.#.##...
#.......#.....>.......#
###...........<..#.##...
#................#.##.##
#.#.................#.##


You could see Labyrinth's ghost.

Vanquished Creatures
  5 adders
  A worm (D:2)
  A dart slug (D:1)
  2 leopard geckos (D:1)
  4 giant cockroaches (D:2)
  7 jackals
  3 kobolds
  A quokka (D:2)
  5 bats
  6 frilled lizards
  6 goblins
  2 rats (D:2)
43 creatures vanquished.

Notes
Turn   | Place    | Note
-------+----------+-------------------------------------------
     0 | Abyss:1  | tyranidshit the Demonspawn Abyssal Knight began the quest for the Orb.
     0 | Abyss:1  | Reached XP level 1. HP: 18/18 MP: 2/2
    29 | Abyss:1  | Noticed a small abomination
   103 | Abyss:1  | Noticed a starcursed mass
   116 | Abyss:1  | Noticed a neqoxec
   138 | Abyss:2  | Got a dazzling glaive
   139 | Abyss:2  | Identified the +8 glaive of Hiaduigg {freeze, rElec Int+4} (You found it on level 2 of the Abyss)
   171 | Abyss:2  | Noticed a red very ugly thing
   172 | D:1      | Escaped the Abyss
   401 | D:1      | Gained mutation: When hurt, damage is shared between your health and your magic reserves. [demonic ancestry]
   401 | D:1      | Reached XP level 2. HP: 14/24 MP: 3/3
   492 | D:1      | Gained mutation: You are frail. (-10% HP) [potion of mutation]
   492 | D:1      | Gained mutation: Your magical capacity is low. (-10% MP) [potion of mutation]
   492 | D:1      | Gained mutation: You have a pair of small antennae on your head. [potion of mutation]
   492 | D:1      | Gained mutation: Your flesh is cold resistant. (rC+) [potion of mutation]
   893 | D:2      | Reached skill level 4 in Fighting
   895 | D:2      | Reached * piety under Lugonu
   907 | D:2      | Gained mutation: Your movements are slightly less encumbered by armour. (ER -2) [demonic ancestry]
   907 | D:2      | Reached XP level 3. HP: 25/27 MP: 4/4
  1300 | D:2      | Reached XP level 4. HP: 28/34 MP: 5/5
  1411 | D:2      | Reached skill level 5 in Fighting
  1755 | D:3      | Reached ** piety under Lugonu
  1761 | D:3      | Noticed Labyrinth's ghost (amateur DrFE)
  1786 | D:3      | Killed from afar by Labyrinth's ghost

Skill      XL: |  1  2  3  4 |
---------------+-------------+-----
Fighting       | 4 5 |  5.1
Armour         | 2 |  2.0
Axes           | |  1.7
Dodging        | |  0.8
Invocations    | |  2.4

Action                   |  1- 3 |  4- 6 || total
-------------------------+-------+-------++-------
Melee: Glaive            |    81 |    24 ||   105
Invok: Depart the Abyss  |     1 |       ||     1
  Use: Scroll            |     5 |       ||     5
       Potion            |     6 |       ||     6
 Stab: Sleeping          |     2 |       ||     2
  Eat: Ration            |     1 |       ||     1
Armor: Leather armour    |     4 |       ||     4
       Ring mail         |     7 |       ||     7
       Plate armour      |    33 |    15 ||    48
Dodge: Dodged            |    51 |     5 ||    56
